Map: Radhuset Station LE

Players

SubN

  • Race: Zerg Zerg
  • League: Diamond
  • Spawn Location: 7:00

Orion - Winner!

  • Race: Protoss Protoss
  • League: Diamond
  • Spawn Location: 1:00

VOD

Have the link to the VOD?

Description

Time

  • Played on: Dec. 21, 2023, 12:49 a.m.
  • Length: 21:44
Show
View Real Time Build Order
Export as new Build Order

SubN Zerg 

Build Orders: Hatch First, Roach Hydra 

Get SALT Encoding   

  12  0:00  Drone  
  13  0:12  Overlord  
  13  0:20  Drone  
  14  0:30  Drone x2  
  16  0:51  Hatchery  
  15  0:57  Drone x2  
  15  1:00  Drone  
  15  1:03  Extractor  
  17  1:08  Drone  
  18  1:22  Spawning Pool  
  17  1:27  Drone  
  18  1:39  Drone  
  19  1:40  Drone  
  20  1:52  Overlord  
  20  2:01  Drone  
  21  2:09  Queen x2  
  21  2:14  Drone  
  26  2:16  Drone  
  26  2:19  Drone  
  28  2:23  Drone  
  29  2:30  Drone  
  29  2:33  Drone  
  29  2:36  Drone  
  32  2:38  Metabolic Boost  
  32  2:44  Drone  
  32  2:47  Queen  
  32  2:50  Drone  
  36  2:55  Overlord  
  36  3:19  Drone x5  
  43  3:20  Drone x2, Hatchery  
  42  3:32  Lair  
  42  3:34  Drone  
  42  3:35  Drone  
  42  3:37  Overlord x2  
  42  3:41  Overlord  
  44  3:51  Extractor  
  43  3:58  Extractor  
  43  3:59  Drone x4  
  46  4:11  Roach Warren, Evolution Chamber  
  46  4:13  Drone x2, Evolution Chamber  
  46  4:14  Drone x2  
  46  4:15  Drone x2  
  49  4:20  Overlord  
  49  4:29  Overlord  
  49  4:38  Zerg Missile Weapons Level 1  
  49  4:39  Zerg Ground Armor Level 1  
  49  4:43  Zergling x12  
  55  4:52  Glial Reconstitution  
  55  4:59  Drone x3  
  58  5:00  Drone  
  58  5:03  Extractor, Queen  
  58  5:06  Roach  
  68  5:07  Roach x3  
  68  5:13  Overlord  
  68  5:20  Roach  
  68  5:21  Roach x2  
  74  5:26  Overlord x3  
  74  5:30  Overseer  
  74  5:49  Roach  
  88  5:50  Roach x7  
  90  6:03  Overlord x3  
  90  6:07  Overseer  
  90  6:20  Queen x3  
  90  6:24  Overlord  
  96  6:26  Drone  
  96  6:27  Drone  
  96  6:28  Drone x2  
  96  6:30  Drone x8  
  108  6:36  Drone x3  
  108  6:38  Drone  
  112  6:45  Drone  
  112  6:47  Hydralisk Den  
  112  6:48  Drone x2  
  112  6:49  Infestation Pit  
  112  6:52  Extractor  
  112  6:53  Extractor  
  111  6:55  Hatchery  
  111  6:56  Pneumatized Carapace  
  110  7:13  Zerg Ground Armor Level 2, Zerg Missile Weapons Level 2  
  110  7:21  Grooved Spines  
  110  7:23  Zergling x2  
  110  7:24  Zergling x22  
  121  7:45  Zergling x2  
  122  7:56  Overseer x2  
  122  7:59  Overlord x4  
  122  8:00  Overlord  
  122  8:11  Drone x6, Muscular Augments  
  128  8:14  Overlord x3  
  128  8:17  Queen  
  130  8:23  Extractor  
  129  8:38  Infestor x2  
  129  8:39  Infestor x2  
  137  8:43  Ravager x2  
  137  8:47  Ravager  
  140  8:50  Drone x10  
  150  8:56  Extractor  
  150  8:58  Overlord  
  150  9:00  Overlord  
  149  9:04  Drone  
  149  9:05  Drone  
  149  9:06  Drone  
  149  9:07  Drone, Hatchery  
  149  9:08  Drone  
  153  9:13  Drone x2  
  153  9:14  Drone x3  
  158  9:27  Drone  
  158  9:30  Hydralisk  
  158  9:31  Hydralisk x8  
  161  9:32  Baneling Nest  
  176  9:46  Hive  
  176  9:57  Hydralisk x8  
  192  10:01  Zerg Melee Weapons Level 1  
  192  10:13  Drone  
  192  10:14  Overlord x2  
  193  10:20  Baneling x11  
  193  10:21  Baneling  
  193  10:23  Centrifugal Hooks  
  193  10:31  Drone x3  
  193  10:35  Queen  
  198  10:36  Spine Crawler  
  195  10:53  Extractor  
  195  10:54  Extractor  
  143  11:25  Spire  
  138  11:27  Ultralisk Cavern  
  138  11:29  Viper x2  
  138  11:30  Viper  
  146  11:33  Overseer  
  146  11:35  Zerg Ground Armor Level 3  
  146  11:48  Drone x2  
  146  11:53  Drone x3  
  151  11:55  Hydralisk x7, Zerg Missile Weapons Level 3  
  165  12:19  Hatchery  
  165  12:22  Overseer  
  164  12:27  Ultralisk  
  164  12:28  Ultralisk x2  
  182  12:40  Extractor  
  182  12:42  Corruptor x4  
  182  12:43  Corruptor x2, Extractor  
  192  12:47  Corruptor  
  194  12:51  Chitinous Plating  
  194  12:55  Extractor  
  194  12:56  Hatchery  
  192  13:03  Zerg Flyer Weapons Level 1  
  192  13:11  Corruptor x3  
  169  14:01  Ultralisk x4  
  177  14:06  Zergling x24  
  177  14:07  Zergling x18  
  196  14:10  Anabolic Synthesis  
  196  14:14  Queen  
  198  14:23  Zergling x2  
  198  14:24  Zergling x2  
  200  14:28  Baneling x14  
  200  14:29  Baneling x28  
  200  14:32  Zerg Melee Weapons Level 2  
  176  14:46  Spine Crawler  
  176  14:49  Spine Crawler  
  176  14:52  Corruptor x6  
  164  14:53  Corruptor x4  
  164  14:56  Zergling x2  
  164  14:57  Zergling x34  
  200  15:02  Overseer x2  
  200  15:03  Overseer  
  200  15:04  Zerg Flyer Weapons Level 2  
  200  15:12  Adrenal Glands  
  151  15:54  Extractor  
  129  15:57  Ultralisk x4  
  129  16:02  Corruptor x11  
  129  16:03  Corruptor  
  165  16:06  Queen  
  161  16:22  Drone x2  
  163  16:26  Overlord x2  
  163  16:27  Overlord x2  
  163  16:35  Zergling x26  
  163  16:36  Zergling x4  
  178  16:45  Zergling x10  
  178  16:46  Zergling x34  
  180  17:36  Zerg Melee Weapons Level 3  
  149  17:47  Corruptor x2  
  149  17:48  Corruptor x8  
  149  17:49  Corruptor x4  
  177  17:52  Ultralisk x3  
  177  17:53  Zergling x2  
  177  17:54  Zergling x6  
  195  18:06  Hatchery  
  195  18:07  Extractor  
  184  18:13  Corruptor x7  
  190  18:40  Hydralisk x3  
  190  18:41  Hydralisk x2  
  131  19:19  Zergling x2  
  131  19:20  Zergling x44  
  131  19:21  Zergling x4  
  154  19:24  Overlord  
  154  19:26  Hydralisk  
  154  19:27  Hydralisk x5  
  129  20:07  Corruptor  
  129  20:08  Corruptor x8  
  137  20:21  Corruptor  
  137  20:22  Corruptor x2  
  139  20:38  Queen  
  139  20:40  Viper x3  
  142  20:46  Corruptor x2  
  142  20:47  Corruptor  
  163  21:20  Drone x6  
  163  21:21  Drone x2  
  163  21:24  Drone  
  163  21:25  Drone  
Show
View Real Time Build Order
Export as new Build Order

Orion Protoss - Winner!

Build Orders: Carriers 

Get SALT Encoding   

  12  0:00  Probe  
  13  0:14  Pylon  
  13  0:18  Probe  
  14  0:30  Probe  
  15  0:38  Gateway  
  15  0:42  Probe  
  16  0:47  Assimilator  
  16  0:54  Probe  
  17  1:06  Probe (Chrono Boost)  
  18  1:16  Probe (Chrono Boost)  
  19  1:21  Probe (Chrono Boost)  
  20  1:27  Cybernetics Core  
  20  1:49  Nexus  
  20  1:54  Gateway  
  20  2:00  Pylon, Probe  
  21  2:03  Warp Gate (Chrono Boost)  
  21  2:11  Adept  
  23  2:20  Probe  
  24  2:24  Assimilator  
  24  2:32  Probe  
  25  2:37  Twilight Council  
  25  2:44  Adept  
  25  2:45  Probe  
  28  2:57  Probe  
  29  3:00  Gateway  
  29  3:07  Robotics Facility  
  29  3:10  Probe (Chrono Boost)  
  29  3:12  Probe (Chrono Boost)  
  32  3:21  Probe (Chrono Boost)  
  32  3:23  Probe (Chrono Boost)  
  33  3:35  Gateway  
  33  3:39  Pylon  
  33  3:42  Probe  
  34  3:52  Pylon  
  35  3:58  Observer (Chrono Boost), Stalker x2  
  39  4:03  Stalker  
  39  4:05  Probe  
  43  4:10  Probe  
  43  4:15  Gateway  
  43  4:25  Stalker  
  43  4:29  Stalker  
  47  4:38  Probe  
  48  4:39  Probe  
  49  4:50  Probe  
  49  4:51  Probe  
  51  4:56  Stalker  
  51  4:57  Stalker  
  51  4:58  Stalker  
  57  5:02  Probe  
  57  5:04  Probe  
  59  5:10  Stalker  
  61  5:14  Probe  
  61  5:19  Pylon  
  62  5:25  Assimilator  
  62  5:26  Blink (Chrono Boost)  
  62  5:30  Assimilator  
  62  5:32  Forge  
  62  5:34  Pylon  
  62  5:37  Probe  
  63  5:50  Probe x2  
  65  6:02  Stargate x2, Probe x2  
  67  6:10  Nexus  
  67  6:14  Probe  
  68  6:19  Probe  
  68  6:24  Protoss Ground Weapons Level 1 (Chrono Boost)  
  69  6:26  Shield Battery  
  69  6:27  Pylon, Probe  
  69  6:29  Forge  
  69  6:34  Observer  
  69  6:35  Pylon  
  69  6:43  Pylon  
  69  6:45  Pylon  
  69  6:51  Fleet Beacon  
  69  6:55  Probe  
  70  7:03  Probe  
  72  7:08  Observer  
  72  7:12  Probe  
  72  7:15  Probe  
  74  7:24  Probe  
  74  7:27  Probe  
  76  7:35  Probe  
  75  7:37  Stalker  
  75  7:38  Stalker x2  
  75  7:39  Stalker  
  75  7:40  Probe  
  75  7:43  Shield Battery  
  84  7:53  Probe  
  84  7:55  Pylon  
  84  7:56  Stalker  
  87  8:02  Stalker x2  
  87  8:03  Stalker  
  93  8:10  Assimilator  
  93  8:12  Assimilator  
  93  8:16  Probe  
  93  8:19  Protoss Shields Level 1 (Chrono Boost)  
  94  8:20  Pylon  
  94  8:23  Carrier x2 (Chrono Boost)  
  94  8:24  Pylon  
  106  8:34  Probe  
  106  8:37  Protoss Air Weapons Level 1 (Chrono Boost)  
  106  8:38  Probe  
  108  8:43  Observer (Chrono Boost), Probe  
  108  8:46  Probe  
  110  8:50  Stargate  
  110  8:52  Pylon  
  110  9:00  Probe, Photon Cannon  
  110  9:01  Pylon  
  110  9:02  Probe, Photon Cannon  
  112  9:03  Probe  
  112  9:07  Protoss Ground Armor Level 1 (Chrono Boost)  
  113  9:10  Pylon  
  113  9:12  Charge  
  113  9:20  Observer  
  113  9:25  Probe  
  113  9:29  Stalker  
  116  9:35  Photon Cannon  
  116  9:37  Shield Battery  
  121  9:46  Carrier (Chrono Boost)  
  121  9:49  Carrier (Chrono Boost)  
  127  10:00  Photon Cannon  
  127  10:01  Pylon  
  127  10:02  Carrier (Chrono Boost)  
  133  10:18  Gateway  
  133  10:25  Probe, Protoss Shields Level 2 (Chrono Boost)  
  133  10:26  Gateway x2  
  134  10:32  Pylon x2  
  134  10:39  Shield Battery  
  134  10:44  Shield Battery  
  133  11:01  Stalker  
  133  11:02  Stalker x3  
  125  11:21  Cybernetics Core  
  125  11:31  Nexus  
  125  11:33  Pylon  
  125  11:34  Protoss Ground Armor Level 2 (Chrono Boost)  
  125  11:40  Gateway x2  
  125  11:43  Gateway, Carrier  
  125  11:44  Carrier  
  125  11:46  Gateway  
  137  11:54  Pylon  
  137  11:57  Stalker x3  
  137  11:59  Zealot  
  145  12:02  Zealot  
  147  12:08  Probe  
  147  12:09  Probe  
  147  12:10  Probe  
  150  12:23  Nexus  
  150  12:26  Zealot x3  
  150  12:29  Probe  
  157  12:37  Protoss Air Weapons Level 2 (Chrono Boost)  
  157  12:38  Zealot  
  157  12:41  Shield Battery  
  157  12:42  Pylon  
  157  12:43  Probe  
  157  12:44  Probe  
  161  12:46  Probe  
  162  12:51  Protoss Shields Level 3 (Chrono Boost)  
  162  13:03  Cybernetics Core, Pylon  
  162  13:04  Probe  
  163  13:09  Zealot  
  165  13:13  Shield Battery  
  165  13:14  Shield Battery  
  165  13:17  Pylon, Probe  
  160  13:31  Carrier  
  160  13:33  Probe x2  
  168  13:38  Templar Archives  
  168  13:42  Probe  
  168  13:43  Probe  
  168  13:45  Probe  
  169  13:48  Protoss Air Armor Level 1 (Chrono Boost)  
  155  14:06  Carrier x2  
  155  14:08  Probe  
  168  14:10  Probe  
  168  14:13  Psionic Storm, Probe  
  170  14:19  Protoss Ground Armor Level 3 (Chrono Boost)  
  170  14:35  Phoenix, Photon Cannon  
  170  14:36  Photon Cannon  
  170  14:38  Shield Battery  
  172  14:41  Stalker x2  
  172  14:42  Photon Cannon  
  172  14:44  Photon Cannon  
  160  14:54  Probe x2  
  160  14:55  Probe x2  
  160  14:58  Pylon  
  164  15:00  Phoenix  
  164  15:02  Pylon  
  164  15:04  Pylon, Probe  
  164  15:06  Probe  
  168  15:07  High Templar x3  
  168  15:08  Stalker x4  
  182  15:15  Assimilator  
  182  15:16  Assimilator  
  182  15:20  Photon Cannon  
  182  15:22  Assimilator  
  182  15:24  Assimilator  
  182  15:31  Photon Cannon  
  182  15:32  Photon Cannon  
  182  15:34  Shield Battery, Photon Cannon  
  182  15:37  Shield Battery  
  182  15:39  High Templar, Zealot x3  
  182  15:40  Stalker x2  
  158  15:50  Stalker  
  158  15:51  Probe, Stalker x2  
  158  15:52  Zealot  
  139  16:04  Protoss Ground Weapons Level 2 (Chrono Boost)  
  139  16:06  Stalker x4  
  153  16:18  Carrier (Chrono Boost)  
  153  16:21  Stalker x2  
  153  16:22  Stalker  
  153  16:23  High Templar x2  
  163  16:28  Protoss Air Armor Level 2 (Chrono Boost)  
  163  16:30  Protoss Air Weapons Level 3 (Chrono Boost)  
  163  16:34  Carrier (Chrono Boost)  
  169  16:50  Photon Cannon  
  169  16:51  Photon Cannon  
  169  16:57  Carrier (Chrono Boost)  
  169  16:58  Stalker x3  
  169  16:59  Stalker  
  183  17:04  High Templar, Zealot x2  
  183  17:05  Zealot x2  
  183  17:06  Zealot x2  
  183  17:08  Zealot  
  195  17:23  Zealot x3  
  171  17:31  Zealot x3  
  171  17:33  Carrier (Chrono Boost)  
  158  17:39  Zealot x2  
  158  17:40  Zealot x3  
  158  17:42  Probe x2, Carrier (Chrono Boost)  
  154  17:49  Photon Cannon  
  150  18:05  Carrier (Chrono Boost)  
  156  18:12  Nexus  
  156  18:15  Stalker x3  
  156  18:16  High Templar x2  
  156  18:31  Stalker x2  
  156  18:32  Stalker x2  
  156  18:34  Probe  
  159  18:38  Photon Cannon  
  159  18:45  Photon Cannon  
  159  18:51  Zealot x3  
  161  19:00  Archon  
  161  19:01  Stalker x2  
  161  19:02  Stalker x2  
  106  19:12  Carrier (Chrono Boost)  
  106  19:24  Zealot x2  
  109  19:32  Zealot x2  
  109  19:35  Zealot x4  
  109  19:36  Probe  
  123  19:45  Probe x2  
  123  19:46  Probe  
  123  19:48  Probe x2  
  127  19:56  Zealot x2  
  131  20:00  Zealot  
  133  20:09  Zealot  
  133  20:10  Zealot  
  127  20:22  Zealot x3  
  133  20:31  Probe x3  
  133  20:32  Probe x2  
  138  20:47  Pylon, High Templar x2  
  138  20:48  High Templar x2  
  138  20:49  High Templar x4  
  154  20:59  Archon x3  
  154  21:00  Archon  
  154  21:01  Stalker x2  
  154  21:02  Stalker  
  166  21:10  Gateway  
  166  21:25  Nexus  
  167  21:32  Pylon  
Tags
 
Add a new tag
Caveats
  • Supply blocks, unpowered buildings, or Contaminate may cause inaccurate times.
  • Supply counts are checked every 10 seconds.